[Event "Team 45 45 League T37"]
[Site "Internet Chess Club"]
[Date "2008.06.16"]
[Round "8"]
[White "Ser-Enigma"]
[Black "andreip"]
[Result "0-1"]
[WhiteElo "2123"]
[BlackElo "2092"]
[Opening "QGD: Neo-orthodox variation, 7.Bh4"]
[ECO "D56"]
[Time "13:04:37"]
[TimeControl "2700+45"]

1. d4 d5 2. c4 Nf6 3. Nf3 e6 4. Nc3 Be7 5. Bg5 O-O 6. e3 h6 7. Bh4 Nc6 8. a3 b6
9. cxd5 Nxd5 10. Bg3 Nxc3 11. bxc3 Bd6 12. Bb5 Bb7 13. O-O Bxg3 14. hxg3 Qd6 15.
e4 Ne7 16. Qe2 c5 17. Rfd1 cxd4 18. cxd4 Rac8 19. Ba6 Qb8 20. Ne5 Bxa6 21. Qxa6
Rfd8 22. a4 f6 23. Nf3 Rc6 24. Rdb1 f5 25. Qd3 Qc7 26. exf5 Nxf5 27. Qe4 Rcd6
28. Rc1 Qd7 29. Rc4 Nxd4 30. Nxd4 Rxd4 31. Rxd4 Qxd4 32. Qxe6+ Kh7 33. Qf5+ Kh8
34. Qb1 Rd5 35. Qe1 Rf5 36. Rd1 Qxa4 37. Rd8+ Kh7 38. Qb1 Qb5 39. Qe4 Qe5 40.
Qb1 Qc5 41. Rd2 Kh8 42. Rc2 Qf8 43. Qa2 a5 44. Qe6 Rc5 45. Rd2 Qf6 46. Qe8+ Kh7
47. Qe4+ Qf5 48. Qe2 b5 49. g4 Qg6 50. f3 b4 51. Qe7 Rc1+ 52. Kh2 b3 53. Rd6 Qb1
54. Qd7 Rh1+ 55. Kg3 b2 56. Rd3 Qe1+ 57. Kf4 Qc1+ 58. Kg3 Qg5 59. f4 Qg6 60. f5
Qf6 61. Rd6 Qe5+ 62. Kf2 Qe1+ 63. Kf3 Rf1# {White checkmated} 0-1

[Event "Team 45 45 League T37"]
[Site "Internet Chess Club"]
[Date "2008.06.15"]
[Round "8"]
[White "iwulu"]
[Black "JustinSane"]
[Result "1-0"]
[WhiteElo "2360"]
[BlackElo "2128"]
[Opening "Robatsch defense: two knights variation"]
[ECO "A04"]
[Time "13:01:07"]
[TimeControl "2700+45"]

1. Nf3 g6 2. e4 Bg7 3. d4 d6 4. Nc3 a6 5. a4 Nd7 6. Be2 e5 7. O-O Nh6 8. h3 O-O
9. Be3 f6 10. dxe5 Nxe5 11. Qd5+ Kh8 12. Nd4 Qe7 13. f4 c6 14. Qb3 Nef7 15. Bd3
f5 16. Rae1 fxe4 17. Bxe4 d5 18. Bd3 Qd6 19. Nf3 Be6 20. Qb6 Nf5 21. Bc5 Qxf4
22. Bxf8 Rxf8 23. Rxe6 Nd4 24. Ne2 {Black resigns} 1-0

[Event "Team 45 45 League T37"]
[Site "Internet Chess Club"]
[Date "2008.06.12"]
[Round "8"]
[White "nardz"]
[Black "searchforbobby1"]
[Result "0-1"]
[WhiteElo "2116"]
[BlackElo "2095"]
[Opening "Dutch defense"]
[ECO "A90"]
[Time "20:12:44"]
[TimeControl "2700+45"]

1. d4 e6 2. c4 f5 3. g3 Nf6 4. Bg2 d5 5. Nc3 c6 6. Qd3 Bd6 7. Nh3 O-O 8. O-O h6
9. f3 dxc4 10. Qxc4 b5 11. Qb3 Bc7 12. e3 a5 13. a4 b4 14. Ne2 Qe7 15. Bd2 Ba6
16. Rf2 Kh7 17. Nhf4 Re8 18. Nd3 Nbd7 19. Rc1 Bb7 20. e4 Rac8 21. Kh1 Bb6 22.
Rff1 c5 23. e5 Nd5 24. dxc5 Nxc5 25. Nxc5 Rxc5 26. Rxc5 Qxc5 27. Qd3 Rc8 28. Rc1
Qf8 29. Rxc8 Qxc8 30. Qb1 Qc4 31. Qd1 Qd3 32. Nc1 Qd4 33. Qe1 Qxb2 34. g4 g6 35.
gxf5 gxf5 36. h4 Qd4 37. Nb3 Qc4 38. Nc1 Nf4 39. Kh2 Nxg2 40. Kxg2 Qg4+ 41. Kh2
Bxf3 42. Qg3 Bg1+ {White resigns} 0-1

[Event "Team 45 45 League T37"]
[Site "Internet Chess Club"]
[Date "2008.06.13"]
[Round "8"]
[White "eurander"]
[Black "keisher415"]
[Result "1/2-1/2"]
[WhiteElo "2135"]
[BlackElo "1974"]
[Opening "QGD semi-Slav: anti-Meran gambit"]
[ECO "D44"]
[Time "18:01:05"]
[TimeControl "2700+45"]

1. d4 d5 2. c4 c6 3. Nf3 Nf6 4. Nc3 e6 5. Bg5 dxc4 6. e4 b5 7. e5 h6 8. Bh4 g5
9. Nxg5 hxg5 10. Bxg5 Nbd7 11. exf6 Bb7 12. g3 c5 13. d5 Qb6 14. Bg2 O-O-O 15.
O-O b4 16. Na4 Qb5 17. a3 Nb8 18. axb4 cxb4 19. Qg4 Bxd5 20. Rfc1 Nc6 21. Bxd5
Rxd5 22. Rxc4 Rxg5 23. Qd4 Kc7 24. Rac1 Rc5 25. Rxc5 Bxc5 26. Qxc5 Qxa4 27. Qe7+
Kb6 28. Qxf7 Qb3 29. Qg7 Rd8 30. f7 Qf3 31. h4 Nd4 32. f8=Q Qxf8 33. Qc7+ Kb5
34. Qc4+ Kb6 35. Qc7+ Kb5 36. Qc4+ {Game drawn by mutual agreement} 1/2-1/2

[Event "Team 45 45 League T37"]
[Site "Internet Chess Club"]
[Date "2008.06.12"]
[Round "8"]
[White "ticopatzer"]
[Black "NXS"]
[Result "1-0"]
[WhiteElo "1387"]
[BlackElo "1376"]
[Opening "Sicilian: Marshall variation"]
[ECO "C01"]
[Time "20:01:13"]
[TimeControl "2700+45"]

1. e4 e6 2. d4 d5 3. Nf3 c5 4. exd5 exd5 5. c4 Nf6 6. cxd5 Nxd5 7. Bc4 cxd4 8.
Nxd4 Bb4+ 9. Bd2 Qe7+ 10. Qe2 Qxe2+ 11. Nxe2 Bxd2+ 12. Nxd2 Be6 13. O-O O-O 14.
Rfe1 Nd7 15. Nd4 Rfe8 16. Nxe6 fxe6 17. Rad1 N7f6 18. Nf3 Rac8 19. Bb3 h6 20.
Nd4 Kf7 21. Nb5 Rc6 22. Nxa7 Rc5 23. a4 Ra8 24. Nb5 Ra6 25. h3 Rac6 26. Nd4 Rb6
27. Re5 Rd6 28. Rde1 Nd7 29. Rxe6 Rxe6 30. Nxe6 Ra5 31. Nd8+ Kf6 32. Nxb7 Ra7
33. Bxd5 Ne5 34. Nc5 Re7 35. Ra1 Ng6 36. b4 Nf4 37. Bf3 Kg6 38. a5 Re5 39. a6
Ne2+ 40. Bxe2 Rxe2 41. a7 {Black resigns} 1-0

[Event "Team 45 45 League T37"]
[Site "Internet Chess Club"]
[Date "2008.06.14"]
[Round "8"]
[White "knight2f3"]
[Black "Glassywoman"]
[Result "1-0"]
[WhiteElo "1458"]
[BlackElo "1449"]
[Opening "Queen's pawn game"]
[ECO "D02"]
[Time "19:31:09"]
[TimeControl "2700+45"]

1. d4 d5 2. Nf3 a6 3. e3 Nc6 4. c4 e6 5. Nc3 Bb4 6. a3 Bxc3+ 7. bxc3 Na5 8. Qa4+
Nc6 9. Ne5 Ne7 10. Bd3 O-O 11. Nxc6 Nxc6 12. O-O Rb8 13. cxd5 exd5 14. Qc2 Qh4
15. e4 dxe4 16. Bxe4 Ne7 17. Re1 Ng6 18. Rb1 Re8 19. Bd2 b6 20. Bd3 Bb7 21.
Rxe8+ Rxe8 22. Qa4 Rf8 23. Qd7 Qg4 24. Qxg4 Ne7 25. Bh6 g6 26. Qh4 Re8 27. Qf6
{Black resigns} 1-0

[Event "Team 45 45 League T37"]
[Site "Internet Chess Club"]
[Date "2008.06.11"]
[Round "8"]
[White "Kalar-Yadwa"]
[Black "SeniorCitizen"]
[Result "0-1"]
[WhiteElo "1332"]
[BlackElo "1427"]
[Opening "QGD: exchange variation"]
[ECO "D35"]
[Time "14:01:11"]
[TimeControl "2700+45"]

1. d4 d5 2. c4 e6 3. Nc3 Nf6 4. cxd5 Nxd5 5. Nf3 Nxc3 6. bxc3 Be7 7. Bf4 O-O 8.
e3 b6 9. Be2 a5 10. O-O Bb7 11. a4 Nd7 12. Qc2 Nf6 13. Nd2 Kh8 14. Bf3 Bxf3 15.
Nxf3 Nh5 16. Qe4 Qd5 17. Qxd5 exd5 18. Bxc7 Bd8 19. Bd6 Re8 20. Ne5 Kg8 21. Rab1
Rc8 22. Rfc1 Nf6 23. Nd3 Ne4 24. Bf4 f6 25. Rb3 Nd2 26. Rb5 Ne4 27. Rb3 Re6 28.
f3 g5 29. Bg3 Nxg3 30. hxg3 Rxe3 31. Nf2 Rc4 32. Nd1 Re6 33. Nb2 Rc8 34. c4 Rec6
35. c5 bxc5 36. Rxc5 Rxc5 37. dxc5 Kf7 38. Nd3 Bc7 39. Kf2 Rb8 40. Rb5 Ke6 41.
g4 d4 42. c6 Kd6 43. Nc5 Kxc6 44. Rxb8 Bxb8 45. Ne6 Kd5 46. Nf8 Kc4 47. Nxh7 Be5
48. Nf8 Kb3 49. Nd7 Kxa4 50. Nc5+ Kb4 51. Nd3+ Kc4 52. Nb2+ Kb3 53. Nd3 Kc2 54.
Ke2 Kc3 55. Nc5 Kc4 56. Na4 Kb4 57. Nb2 a4 58. Kd3 a3 59. Nc4 a2 60. Nxe5 fxe5
61. Ke4 a1=Q 62. Kxe5 d3+ 63. Ke4 d2 {White resigns} 0-1

[Event "Team 45 45 League T37"]
[Site "Internet Chess Club"]
[Date "2008.06.16"]
[Round "8"]
[White "chips"]
[Black "albacore"]
[Result "0-1"]
[WhiteElo "1041"]
[BlackElo "1376"]
[Opening "Caro-Kann: advance variation"]
[ECO "B12"]
[Time "16:00:22"]
[TimeControl "2700+45"]

1. e4 c6 2. d4 d5 3. e5 Bf5 4. Bd3 Bxd3 5. Qxd3 e6 6. c3 c5 7. Nf3 cxd4 8. cxd4
Nc6 9. O-O Nge7 10. a3 Nf5 11. Bg5 Be7 12. Bxe7 Qxe7 13. Nc3 a6 14. Ne2 O-O 15.
b4 Na7 16. Qd2 Rac8 17. Rac1 Qd7 18. Rxc8 Rxc8 19. Rc1 h6 20. Rxc8+ Qxc8 21. Qc1
Nc6 22. Qc5 Qf8 23. Qxf8+ Kxf8 24. g4 Nfe7 25. Nc3 b5 26. Kf1 Ng6 27. Ne2 Ke7
28. h4 a5 29. h5 Nf8 30. bxa5 Nxa5 31. Nd2 Nd7 32. Nc3 Nc4 33. Nxc4 bxc4 34. a4
Nb8 35. Nb5 Kd7 36. Ke1 Na6 37. Kd2 Kc6 38. Kc3 Nc7 39. Nd6 Kb6 40. Nxf7 Ka5 41.
g5 hxg5 42. Nxg5 Kxa4 43. Nf7 Nb5+ 44. Kb2 Kb4 45. Nd6 c3+ 46. Kc1 Nxd4 47. Ne8
Kb3 48. Nxg7 Ne2+ 49. Kd1 c2+ 50. Kxe2 c1=Q 51. Nxe6 Qb2+ 52. Kf3 Qxe5 53. Nf4
Kc4 54. Kg4 d4 55. Ng6 Qe6+ 56. Kg5 Qd5+ 57. Kh6 d3 58. Nf4 Qd6+ 59. Kg5 Qe5+
60. Kg4 d2 61. Ng6 Qe2+ 62. f3 d1=Q 63. Nf4 Qxf3+ 64. Kg5 Qd8+ 65. Kf5 Qf8+ 66.
Kg6 Q8xf4 67. h6 Qxh6+ 68. Kxh6 Qg3 69. Kh5 Kd4 70. Kh6 Ke5 71. Kh7 Kf6 72. Kh8
Qg7# {White checkmated} 0-1

[Event "Team 45 45 League T37"]
[Site "Internet Chess Club"]
[Date "2008.06.15"]
[Round "8"]
[White "Emrebey"]
[Black "AlPearson"]
[Result "1-0"]
[WhiteElo "1714"]
[BlackElo "1436"]
[Opening "English opening"]
[ECO "A30"]
[Time "13:00:38"]
[TimeControl "2700+45"]

1. Nf3 Nf6 2. c4 c5 3. g3 Nc6 4. Bg2 g6 5. e3 Bg7 6. d4 cxd4 7. exd4 d5 8. Nc3
dxc4 9. O-O O-O 10. Re1 Re8 11. Bg5 Bg4 12. d5 Nb4 13. Bxf6 Bxf6 14. Re4 Bxf3
15. Bxf3 Bxc3 16. bxc3 Nxd5 17. Rxc4 Nb6 18. Rd4 Qc7 19. c4 Rad8 20. c5 Rxd4 21.
Qxd4 Rd8 22. cxb6 Qxb6 23. Qxb6 axb6 24. Rd1 Ra8 25. Rd2 Kg7 26. Bxb7 Rb8 27.
Bc6 b5 28. a3 b4 29. Rb2 Rb6 30. Ba4 Ra6 31. Rxb4 {Black resigns} 1-0

[Event "Team 45 45 League T37"]
[Site "Internet Chess Club"]
[Date "2008.06.13"]
[Round "8"]
[White "Zyme"]
[Black "Tomate"]
[Result "1-0"]
[WhiteElo "1367"]
[BlackElo "1435"]
[Opening "QGD: Orthodox defense, Rubinstein attack (with Rc1)"]
[ECO "D64"]
[Time "20:01:32"]
[TimeControl "2700+45"]

1. d4 d5 2. c4 e6 3. Nc3 Nf6 4. Nf3 Be7 5. Bg5 c6 6. e3 O-O 7. Rc1 Nbd7 8. Qc2
Bb4 9. a3 Bxc3+ 10. bxc3 Qe8 11. Bd3 dxc4 12. Bxc4 Kh8 13. O-O Nd5 14. Ba2 f6
15. Bb1 g6 16. Bh4 Ne7 17. e4 Nb6 18. Nd2 Kg7 19. Rce1 a5 20. f4 Qd7 21. Re3 Qc7
22. Rg3 Bd7 23. e5 fxe5 24. Bxe7 Rf5 25. fxe5 Nd5 26. Bd6 Qb6 27. Qb3 Qa6 28.
Bxf5 exf5 29. Qb1 Nxc3 30. Rxc3 Be6 31. Nf3 b5 32. Qc1 Rc8 33. Qg5 Qa7 34. Qf6+
Kh6 {Black resigns} 1-0

[Event "Team 45 45 League T37"]
[Site "Internet Chess Club"]
[Date "2008.06.14"]
[Round "8"]
[White "katabatico"]
[Black "SCUGrad"]
[Result "0-1"]
[WhiteElo "1408"]
[BlackElo "1401"]
[Opening "Ruy Lopez: open, Italian variation"]
[ECO "C82"]
[Time "06:14:04"]
[TimeControl "2700+45"]

1. e4 e5 2. Nf3 Nc6 3. Bb5 a6 4. Ba4 Nf6 5. O-O Nxe4 6. d4 b5 7. Bb3 d5 8. dxe5
Be6 9. c3 Bc5 10. Bf4 Ba7 11. Nd4 Nxd4 12. cxd4 c5 13. Be3 Rc8 14. f3 cxd4 15.
Bxd4 Nc5 16. Kh1 O-O 17. Bc2 Bb6 18. f4 Bd7 19. Nc3 Bc6 20. Qh5 h6 21. Rf3 Ne6
22. Bxb6 Qxb6 23. Rg3 Kh8 24. Qf5 g6 25. Rxg6 fxg6 26. Qxg6 Rc7 27. Qxh6+ Kg8
28. Qxe6+ Kh8 29. Qh6+ Kg8 30. e6 Qf2 31. e7 Rxe7 32. Qxc6 Re1+ {White resigns}
0-1

[Event "Team 45 45 League T37"]
[Site "Internet Chess Club"]
[Date "2008.06.14"]
[Round "8"]
[White "havertown"]
[Black "Visin"]
[Result "0-1"]
[WhiteElo "1280"]
[BlackElo "1246"]
[Opening "Dutch defense"]
[ECO "A84"]
[Time "14:49:12"]
[TimeControl "2700+45"]

1. c4 f5 2. d4 d5 3. e3 Nf6 4. Nf3 Nbd7 5. Nc3 c6 6. Bd3 Nb6 7. b3 Ne4 8. Bb2 e6
9. Ne5 Qg5 10. O-O Nd7 11. Nf3 Qh6 12. c5 g5 13. Ne5 Nxe5 14. dxe5 Nxc5 15. Be2
g4 16. f4 b6 17. b4 Nd7 18. b5 Bb7 19. Qa4 Nc5 20. Qc2 O-O-O 21. Na4 Be7 22.
bxc6 Bxc6 23. Ba6+ Kc7 24. Nxc5 Bxc5 25. Bd4 Qf8 26. Rac1 h5 27. Qc3 h4 28. Rc2
Kd7 29. Rfc1 Ba4 30. Bxc5 bxc5 31. Rb2 Rb8 32. Rxb8 Qxb8 33. Qxc5 Qb6 34. Qxb6
axb6 35. Rb1 Rb8 36. Bb5+ Bxb5 37. Rxb5 Kc6 38. a4 Ra8 39. Rb4 Kc5 40. Rd4 b5
41. axb5 Kxb5 42. Rd1 Ra3 43. Kf2 Ra2+ 44. Kf1 h3 45. gxh3 gxh3 46. Kg1 Re2 47.
Rd3 Kc4 48. Ra3 d4 49. exd4 Kxd4 50. Rxh3 Ke4 51. Kf1 Re3 52. Rxe3+ Kxe3 53. Kg2
Kxf4 54. Kf2 Kxe5 55. Kf3 Kf6 56. Kf4 e5+ 57. Kf3 Kg5 58. Kg3 e4 59. h4+ Kh5 60.
Kh3 f4 61. Kg2 Kxh4 62. Kf2 Kg4 63. Kg2 e3 64. Kf1 f3 65. Ke1 Kg3 66. Kf1 e2+
67. Ke1 Kg2 68. Kd2 f2 69. Kxe2 f1=Q+ 70. Ke3 Qf3+ 71. Kd4 Qe2 72. Kd5 Kf3 73.
Kd4 Qe4+ 74. Kc5 Qd3 75. Kc6 Ke4 76. Kc7 Ke5 77. Kc6 Qd6+ 78. Kb7 Qc5 79. Ka8
Kd6 80. Kb8 Qc7+ 81. Ka8 Qc8+ 82. Ka7 Qc1 83. Kb6 Qb1+ 84. Ka5 Kc5 85. Ka4 Qb4#
{White checkmated} 0-1

[Event "Team 45 45 League T37"]
[Site "Internet Chess Club"]
[Date "2008.06.13"]
[Round "8"]
[White "guyd52"]
[Black "civilization"]
[Result "0-1"]
[WhiteElo "1287"]
[BlackElo "1570"]
[Opening "Réti opening"]
[ECO "A05"]
[Time "19:06:00"]
[TimeControl "2700+45"]

1. Nf3 Nf6 2. g3 d5 3. Bg2 c6 4. O-O e6 5. d3 Bd6 6. Nbd2 Nbd7 7. b3 O-O 8. e4
e5 9. Bb2 d4 10. c3 c5 11. cxd4 cxd4 12. Re1 Nc5 13. Nc4 Bg4 14. Qd2 Re8 15.
Nxd4 exd4 16. e5 Bxe5 17. Nxe5 Be6 18. b4 Na4 19. Bxb7 Rb8 20. Nc6 Qb6 21. Nxb8
Qxb7 22. Qc2 Nxb2 23. Qxb2 Rxb8 24. Qxd4 Qxb4 25. Qxa7 Rb7 26. Rab1 Qxe1+ 27.
Rxe1 Rxa7 28. Rc1 h6 {White resigns} 0-1

[Event "Team 45 45 League T37"]
[Site "Internet Chess Club"]
[Date "2008.06.14"]
[Round "8"]
[White "kublai"]
[Black "WilmaP"]
[Result "1-0"]
[WhiteElo "1365"]
[BlackElo "1196"]
[Opening "Queen's gambit declined"]
[ECO "D35"]
[Time "15:00:11"]
[TimeControl "2700+45"]

1. d4 d5 2. c4 e6 3. cxd5 exd5 4. Nc3 Nf6 5. Bf4 Nbd7 6. e3 c6 7. Bd3 Qa5 8. a3
c5 9. Nf3 Ne4 10. Qc2 c4 11. Bxe4 dxe4 12. Qxe4+ Be7 13. Bd6 O-O 14. Qxe7 b6 15.
Qe4 Bb7 16. Qxb7 Nf6 17. Bxf8 Rxf8 18. O-O h6 19. Rac1 Ng4 20. h3 Nf6 21. Rc2
Qf5 22. Rfc1 Qg6 23. Ne2 Ne4 24. Qxa7 f5 25. Rxc4 b5 26. Rc8 Rxc8 27. Rxc8+ Kh7
28. Qb8 Qe6 29. Nf4 Qb3 30. Rh8# {Black checkmated} 1-0

[Event "Team 45 45 League T37"]
[Site "Internet Chess Club"]
[Date "2008.06.13"]
[Round "8"]
[White "wekabird"]
[Black "king4aknight"]
[Result "0-1"]
[WhiteElo "1329"]
[BlackElo "1175"]
[Opening "English: Sicilian reversed"]
[ECO "A25"]
[Time "20:06:42"]
[TimeControl "2700+45"]

1. c4 Nc6 2. Nc3 e5 3. e4 Bc5 4. h3 Qf6 5. Nf3 Nd4 6. d3 Nh6 7. Nd5 Qd6 8. g3 c6
9. Nc3 Qf6 10. Bg2 O-O 11. O-O b6 12. Bg5 Qg6 13. Qd2 f6 14. Nh4 Qf7 15. Bxh6 d5
16. Be3 f5 17. Nxf5 Bxf5 18. exf5 Nxf5 19. Bxc5 bxc5 20. Na4 Rad8 21. cxd5 cxd5
22. Nxc5 e4 23. Rad1 Qc7 24. Ne6 Qb6 25. Nxf8 Rxf8 26. dxe4 Nxg3 27. Qxd5+ Rf7
28. Qd4 Ne2+ 29. Kh1 Nxd4 30. e5 Qxb2 31. Bd5 Qc3 32. Bxf7+ Kxf7 33. Kg2 Qf3+
34. Kg1 Ne2+ 35. Kh2 Qf4+ 36. Kg2 Qxe5 37. Rd7+ Ke6 38. Rxa7 Nf4+ 39. Kf3 Nxh3
40. Ra4 Ng5+ 41. Kg2 Qd5+ 42. f3 Qd2+ 43. Rf2 Qd5 44. Re2+ Kf6 45. Ra6+ Kf5 46.
Re3 Qd2+ 47. Kg3 Qxe3 48. Ra5+ Kf6 49. Ra6+ Kf7 50. Kg4 Qg1+ 51. Kf4 Nh3+ 52.
Ke4 Qe1+ 53. Kd5 Nf4+ 54. Kc6 Qe6+ 55. Kb7 Qd5+ 56. Rc6 Qxf3 57. Kc7 Ne6+ 58.
Kd7 Qd5+ 59. Rd6 Qb7# {White checkmated} 0-1

[Event "Team 45 45 League T37"]
[Site "Internet Chess Club"]
[Date "2008.06.15"]
[Round "8"]
[White "SoaringEagle"]
[Black "OldBoy"]
[Result "0-1"]
[WhiteElo "1515"]
[BlackElo "1439"]
[Opening "Queen's pawn game"]
[ECO "D05"]
[Time "11:58:33"]
[TimeControl "2700+45"]

1. d4 d5 2. Nf3 Nf6 3. e3 e6 4. Bd3 Be7 5. b3 O-O 6. Bb2 Nbd7 7. Nbd2 b6 8. O-O
c5 9. c4 Bb7 10. Ne5 cxd4 11. Bxd4 Bd6 12. Nxd7 Nxd7 13. Bxg7 Bxh2+ 14. Kxh2
Qh4+ 15. Kg1 Kxg7 16. Nf3 Qh6 17. cxd5 exd5 18. Nd4 Ne5 19. Bf5 Qf6 20. Bh3 Kh8
21. f4 Ng6 22. Rc1 Rfe8 23. Rf3 Re7 24. Rc3 Nh4 25. Rg3 Rg8 26. Rxg8+ Kxg8 27.
Qg4+ Kf8 28. g3 Ng6 29. Qf5 Kg7 30. Qxf6+ Kxf6 31. Kf2 Nf8 32. Bc8 Bxc8 33. Rxc8
Ne6 34. Rc6 Rd7 35. Nxe6 fxe6 36. g4 d4 37. exd4 Rxd4 38. Ke3 Rb4 39. Rc4 Rb5
40. Ke4 h6 41. b4 a5 42. bxa5 Rxa5 43. a4 b5 44. axb5 Rxb5 45. Rd4 h5 46. gxh5
Rxh5 47. Kf3 Kf5 48. Re4 Rh3+ {White resigns} 0-1

[Event "Team 45 45 League T37"]
[Site "Internet Chess Club"]
[Date "2008.06.14"]
[Round "8"]
[White "Invicta-Knight"]
[Black "ollo"]
[Result "0-1"]
[WhiteElo "1472"]
[BlackElo "1658"]
[Opening "Alekhine's defense: four pawns attack, 7.Be3"]
[ECO "B02"]
[Time "13:10:29"]
[TimeControl "2700+45"]

1. e4 Nf6 2. e5 Nd5 3. c4 Nb6 4. d4 d6 5. f4 dxe5 6. fxe5 Nc6 7. Be3 g6 8. Nf3
Bf5 9. d5 Nb4 10. Qa4+ Nxa4 {White resigns} 0-1

[Event "Team 45 45 League T37"]
[Site "Internet Chess Club"]
[Date "2008.06.15"]
[Round "8"]
[White "cysk"]
[Black "Hastings"]
[Result "1-0"]
[WhiteElo "1460"]
[BlackElo "1290"]
[Opening "two knights defense: Bogolyubov variation"]
[ECO "C58"]
[Time "16:04:42"]
[TimeControl "2700+45"]

1. e4 e5 2. Nf3 Nc6 3. Bc4 Nf6 4. Ng5 d5 5. exd5 Na5 6. Bb5+ c6 7. dxc6 bxc6 8.
Qf3 e4 9. Nxe4 Qe7 10. Bd3 Bg4 11. Qe3 Nd5 12. Nd6+ Kd7 13. Qxe7+ Bxe7 14. Nxf7
Rhf8 15. Ne5+ {Black resigns} 1-0

[Event "Team 45 45 League T37"]
[Site "Internet Chess Club"]
[Date "2008.06.13"]
[Round "8"]
[White "Gomer"]
[Black "MrSlippery"]
[Result "0-1"]
[WhiteElo "1171"]
[BlackElo "1287"]
[Opening "Queen's pawn: English defense"]
[ECO "A40"]
[Time "17:03:51"]
[TimeControl "2700+45"]

1. d4 b6 2. e4 Bb7 3. Nc3 g6 4. Nf3 Bg7 5. Bc4 e6 6. O-O h6 7. Qd3 Ne7 8. e5 f6
9. Bf4 Nbc6 10. a3 fxe5 11. Nxe5 Nxe5 12. Bxe5 Bxe5 13. dxe5 O-O 14. f4 Rf5 15.
Ne2 Nd5 16. Bxd5 Bxd5 17. Ng3 Rf7 18. Qxg6+ Rg7 19. Qd3 h5 20. c4 Bb7 21. Rf2
Qh4 22. Qe2 Rf8 23. Nxh5 Rh7 24. Nf6+ Rxf6 25. h3 Rg6 26. Qc2 Rg3 27. Raf1 Qxh3
{White resigns} 0-1